 Dungeon Crawl Stone Soup version 0.27.1-3-gb3d3a73c9e (webtiles) character file.

Game seed: 8737710560669268328

18 Descartes the Shield-Bearer (level 2, -1/24 HPs)
             Began as a Formicid Fighter on Oct 23, 2021.
             Slain by Robin (3 damage)
             ... on level 2 of the Dungeon.
             The game lasted 00:00:38 (305 turns).

Descartes the Shield-Bearer (Formicid Fighter)       Turns: 305, Time: 00:00:39

Health: -1/24      AC:  6    Str: 20    XL:     2   Next: 90%
Magic:  2/2        EV:  8    Int:  7    God:
Gold:   42         SH:  9    Dex: 10    Spells: 1/1 levels left

rFire    . . .     SeeInvis +   a - +0 war axe
rCold    . . .     Faith    .   c - +0 kite shield
rNeg     . . .     Spirit   .   b - +0 scale mail
rPois    .         Reflect  .   (helmet unavailable)
rElec    .         Harm     .   (no cloak)
rCorr    .         Rampage  .   (no gloves)
Will     .....                  (no boots)
Stlth    ..........             (no amulet)
HPRegen  0.08/turn              (no ring)
MPRegen  0.08/turn              (no ring)

@: no status effects
A: permanent stasis, dig shafts and tunnels, antennae 3, four strong arms
a: Dig, Shaft Self


You were on level 2 of the Dungeon.
You visited 1 branch of the dungeon, and saw 2 of its levels.

You collected 42 gold pieces.

Inventory:

Hand Weapons
 a - a +0 war axe (weapon)
Armour
 b - a +0 scale mail (worn)
 c - a +0 kite shield (worn)
Scrolls
 e - a scroll of noise {unknown}
Potions
 d - a potion of might


   Skills:
 - Level 3.2 Fighting
 - Level 2.0 Axes
 - Level 3.2 Armour
 + Level 4.7 Shields


You had one spell level left.
You didn't know any spells.
Your spell library was empty.

Dungeon Overview and Level Annotations

Branches:
Dungeon (1/15)

Altars:

Annotations:
D:2 Robin


Innate Abilities, Weirdness & Mutations

You cannot be hasted, slowed, berserked, paralysed or teleported.
You can dig through walls and to a lower floor.
You have a pair of large antennae on your head. (SInv)
Your four strong arms can wield two-handed weapons with a shield.


Message History

You barely miss the goblin. You block the goblin's attack.
You slash the goblin!
You kill the goblin!
The goblin hits you but does no damage.
You hit the goblin.
The goblin is moderately wounded.
The goblin hits you with a +0 dagger. You block the goblin's attack.
You slash the goblin!
You kill the goblin!
A hobgoblin comes into view.
You block the goblin's attack.
You closely miss the goblin.
The hobgoblin shouts!
The goblin hits you but does no damage. The goblin barely misses you.
You closely miss the goblin. The goblin completely misses you.
You hit the goblin but do no damage. You block the goblin's attack.
The goblin barely misses you.
You slash the goblin!
You kill the goblin!
The goblin hits you with a +0 dagger.
You slash the goblin!
You kill the goblin!
You hit the goblin.
The goblin is severely wounded.
The goblin completely misses you. Robin throws the goblin at you!
You block the goblin's attack. The hobgoblin barely misses you.
Robin hits you with a +0 spear.
* * * LOW HITPOINT WARNING * * *
Items here: ))))) †††.
You closely miss the goblin.
The goblin is severely wounded.
You hit the hobgoblin but do no damage. You barely miss Robin.
You block the hobgoblin's attack. Robin hits you with a +0 spear.
* * * LOW HITPOINT WARNING * * *
The goblin hits you but does no damage.
The hobgoblin hits you but does no damage.
You slash the goblin!
You kill the goblin!
You hit Robin. You hit the hobgoblin. Robin hits you with a +0 spear.
You die...

#... #..#
#..# #.P#
### ##..+
..# #..P#
### #.#
#...#
...##g#####
#...#
#..#@)..#
#....
#g###.#
#.##. #.#
#.# #....
#)# #.#
######. #.#
#.# #......
{..# #.#
#.##### ..#
#.# #.#
...# #<#
#.# ####
#.# #.#


You could see Robin and a hobgoblin.

Vanquished Creatures
  7 goblins (D:2)
  3 hobgoblins (D:2)
  4 jackals (D:2)
  A kobold (D:2)
  A rat (D:2)
16 creatures vanquished.

Notes
Turn   | Place    | Note
-------+----------+-------------------------------------------
     0 | D:1      | Descartes the Formicid Fighter began the quest for the Orb.
     0 | D:1      | Reached XP level 1. HP: 18/18 MP: 1/1
    84 | D:1      | You fall into a shaft and drop 1 floor!
   100 | D:2      | Reached skill level 4 in Shields
   134 | D:2      | Reached XP level 2. HP: 24/24 MP: 2/2
   265 | D:2      | Noticed Robin
   305 | D:2      | Slain by Robin

Illustrated notes

Levels and vault maps discovered:
D:1:      amcnicky_arrival_flooded_fountain, layout_loops_ring,
          hangedman_abyss_or_decor_stabs
D:2:      layout_loops_ring, dreamdust_ecumenical_altar_sealed_demon,
          roderic_lattice_a, uniq_robin

Skill      XL: |  1 |
---------------+----+-----
Shields        | 4 |  4.7
Fighting       | |  3.2
Axes           | |  2.0
Armour         | |  3.2

Action                   || total
-------------------------++-------
Melee: War axe           ||    49
Armor: Scale mail        ||    20
Dodge: Dodged            ||    17
Block: Kite shield       ||    24
